Map: Heavy Artillery LE

Players

Dofamin

  • Race: Protoss Protoss
  • League: Platinum
  • Spawn Location: 7:00

Hemoglobina

  • Race: Zerg Zerg
  • Spawn Location: 7:00

Massa - Winner!

  • Race: Terran Terran
  • League: Platinum
  • Spawn Location: 1:00

qqq - Winner!

  • Race: Protoss Protoss
  • Spawn Location: 3:00

VOD

Have the link to the VOD?

Description

Time

  • Played on: Oct. 29, 2020, 3:50 p.m.
  • Length: 11:10
Show
View Real Time Build Order
Export as new Build Order

Dofamin Protoss 

Build Orders:  

Get SALT Encoding   

  12  0:01  Probe  
  13  0:16  Pylon  
  13  0:19  Probe  
  14  0:32  Probe (Chrono Boost)  
  15  0:36  Gateway  
  15  0:44  Probe (Chrono Boost)  
  15  0:46  Assimilator  
  16  0:51  Probe (Chrono Boost)  
  17  0:58  Probe  
  18  1:10  Probe  
  19  1:22  Probe  
  19  1:24  Assimilator  
  20  1:42  Pylon  
  20  1:43  Cybernetics Core  
  19  1:47  Pylon  
  19  1:58  Probe  
  20  2:18  Stalker (Chrono Boost), Forge  
  22  2:23  Gateway  
  22  2:35  Warp Gate  
  22  2:41  Assimilator, Stalker  
  24  3:15  Photon Cannon  
  24  3:19  Probe  
  25  3:30  Gateway  
  25  3:31  Stalker (Chrono Boost)  
  25  3:32  Gateway  
  27  3:48  Probe  
  28  3:52  Robotics Facility  
  28  3:57  Pylon  
  28  4:06  Protoss Ground Weapons Level 1 (Chrono Boost)  
  28  4:26  Probe  
  29  4:31  Shield Battery  
  29  4:33  Nexus  
  29  4:36  Pylon  
  29  4:41  Probe  
  30  4:53  Probe  
  30  4:59  Photon Cannon  
  31  5:03  Photon Cannon  
  31  5:05  Probe  
  32  5:15  Observer (Chrono Boost)  
  32  5:17  Probe  
  34  5:26  Twilight Council  
  34  5:29  Probe  
  34  5:34  Pylon  
  35  5:41  Probe  
  36  5:49  Probe  
  35  5:53  Assimilator  
  35  5:54  Probe  
  34  5:57  Assimilator  
  34  5:59  Protoss Ground Armor Level 1 (Chrono Boost)  
  34  6:01  Probe, Blink (Chrono Boost)  
  33  6:06  Probe  
  34  6:13  Probe  
  34  6:17  Gateway  
  34  6:18  Probe  
  36  6:24  Warp Prism  
  38  6:26  Probe  
  39  6:35  Stalker x2  
  39  6:38  Probe x2  
  45  6:44  Stalker  
  47  7:02  Stalker x3  
  53  7:09  Probe x2  
  53  7:14  Templar Archives  
  55  7:21  Probe x2  
  57  7:29  Zealot x2  
  61  7:30  Zealot x2  
  52  7:57  Probe  
  53  8:04  Probe (Chrono Boost)  
  54  8:05  Pylon  
  54  8:08  Photon Cannon  
  55  8:14  Probe (Chrono Boost)  
  55  8:16  Probe (Chrono Boost)  
  53  8:23  Probe (Chrono Boost), Stalker x2  
  58  8:29  Probe  
  58  8:33  Probe  
  60  8:36  Stalker  
  60  8:38  High Templar  
  60  8:39  High Templar  
  66  8:43  Archon  
  66  8:44  Probe  
  66  8:45  Probe  
  68  9:01  Stalker x3  
  68  9:02  Pylon  
  74  9:05  Charge  
  74  9:16  Probe x2  
  76  9:28  Probe x2  
  76  9:30  Gateway  
  78  9:32  Pylon  
  78  9:35  Stalker x2  
  82  9:40  Probe  
  82  9:43  Zealot x2  
  87  9:50  Zealot  
  78  10:06  Stalker x4  
  64  10:15  Stalker  
  64  10:17  Probe x2  
  60  10:28  Photon Cannon  
  60  10:32  Stalker x3  
  52  10:44  Stalker x2  
  48  10:51  Stalker  
Show
View Real Time Build Order
Export as new Build Order

Hemoglobina Zerg 

Build Orders: Hatch First, Muta Ling Bane 

Get SALT Encoding   

  12  0:01  Drone  
  13  0:08  Drone  
  14  0:16  Overlord  
  14  0:36  Drone x3  
  17  0:53  Hatchery  
  17  0:56  Drone  
  17  1:10  Spawning Pool  
  16  1:23  Drone  
  16  1:24  Drone x2  
  19  1:26  Extractor  
  18  2:07  Spine Crawler  
  17  2:09  Drone  
  17  2:10  Drone  
  17  2:11  Drone x2  
  17  2:13  Queen  
  23  2:15  Queen  
  25  2:27  Spine Crawler  
  25  2:28  Drone  
  25  2:39  Zergling x2, Baneling Nest  
  25  2:40  Zergling x4  
  25  2:41  Zergling x2  
  22  3:21  Lair  
  22  3:26  Extractor  
  20  3:27  Metabolic Boost, Zergling x4  
  22  3:47  Hatchery  
  21  3:59  Zergling x2  
  22  4:06  Overlord  
  22  4:13  Baneling x4  
  22  4:32  Drone x3  
  22  4:36  Centrifical Hooks  
  25  4:46  Overseer  
  25  4:51  Zergling x2  
  26  4:56  Zergling x2  
  26  4:57  Queen  
  29  5:04  Zergling x2  
  29  5:05  Zergling x2  
  30  5:16  Drone  
  30  5:17  Drone  
  31  5:38  Zergling x4  
  31  5:48  Zergling x8  
  34  5:53  Zergling x4  
  34  5:56  Extractor  
  34  6:12  Overlord  
  34  6:16  Spire, Overlord x2  
  33  6:30  Overlord  
  33  6:35  Zergling x8  
  33  6:36  Zergling x2  
  38  6:40  Baneling x3  
  38  6:42  Zergling x4  
  36  7:00  Overseer  
  31  7:33  Mutalisk x3  
  31  7:34  Mutalisk x2  
  41  7:46  Mutalisk  
  41  7:49  Drone x4  
  41  7:50  Drone x2  
  49  8:00  Spine Crawler  
  48  8:08  Zerg Flyer Weapons Level 1  
  48  8:11  Zergling x2  
  49  8:33  Baneling x2  
  49  8:34  Mutalisk x2  
  49  8:40  Drone x3  
  49  8:41  Drone x2  
  58  8:45  Extractor  
  57  9:05  Mutalisk  
  59  9:10  Overlord x2  
  59  9:20  Hatchery  
  58  9:28  Mutalisk  
  58  9:29  Mutalisk  
  46  9:42  Zergling x6  
  46  9:43  Zergling x4  
  48  9:50  Zergling x6  
  47  10:01  Mutalisk  
  47  10:02  Mutalisk  
  48  10:12  Mutalisk  
  48  10:13  Mutalisk  
  50  10:16  Mutalisk  
  50  10:32  Corruptor x2  
  51  10:40  Baneling x3  
  51  10:43  Mutalisk  
Show
View Real Time Build Order
Export as new Build Order

Massa Terran - Winner!

Build Orders: Gas First Reaper Expand 

Get SALT Encoding   

  12  0:00  SCV  
  13  0:14  SCV  
  14  0:23  Supply Depot  
  14  0:28  SCV  
  14  0:32  Refinery  
  15  0:47  Barracks  
  15  0:50  SCV  
  16  1:02  SCV  
  17  1:14  SCV  
  18  1:24  Supply Depot  
  18  1:26  SCV  
  19  1:35  Reaper  
  19  1:38  Orbital Command  
  20  1:56  Command Center  
  20  2:05  SCV  
  20  2:07  Marine  
  22  2:25  Bunker  
  22  2:26  Barracks Reactor  
  22  2:33  Supply Depot  
  22  3:15  Orbital Command  
  22  3:17  SCV  
  22  3:18  Marine  
  22  3:19  Marine  
  25  3:25  Factory  
  25  3:28  Barracks  
  25  3:29  SCV  
  26  3:36  Marine  
  26  3:37  Marine  
  26  3:38  Refinery, Engineering Bay  
  28  3:41  SCV  
  29  3:53  SCV  
  29  3:54  Marine x2  
  32  3:56  SCV  
  32  4:05  SCV, Terran Infantry Weapons Level 1  
  32  4:08  SCV, Missile Turret  
  34  4:13  Missile Turret  
  34  4:15  Barracks Tech Lab  
  34  4:16  Factory Reactor  
  34  4:17  SCV, Marine x2  
  34  4:20  SCV  
  38  4:24  Starport  
  38  4:30  SCV  
  39  4:32  SCV  
  39  4:34  Supply Depot  
  39  4:35  Marine  
  39  4:36  Stimpack  
  39  4:37  Marauder  
  44  4:39  Marine  
  44  4:42  SCV  
  45  4:46  SCV  
  46  4:54  SCV  
  46  4:57  Marine  
  48  5:09  Hellion x2  
  48  5:11  Marauder  
  48  5:14  Refinery  
  54  5:17  Barracks Reactor  
  54  5:23  Command Center, Medivac  
  56  5:31  Hellion x2  
  59  5:52  Hellion x2  
  62  6:16  Supply Depot  
  62  6:34  Liberator, Marine x2  
  62  6:35  Widow Mine x2, SCV x2, Marauder  
  62  6:36  Missile Turret  
  62  6:39  Supply Depot  
  75  6:47  SCV x2  
  75  6:50  Orbital Command  
  75  6:52  Marine x2  
  79  6:58  Missile Turret  
  79  6:59  SCV x2  
  81  7:02  Supply Depot  
  81  7:11  SCV x2  
  83  7:17  Medivac  
  83  7:21  Supply Depot  
  82  7:43  Supply Depot  
  70  7:58  Marauder  
  72  7:59  Combat Shield  
  72  8:01  Marine x2  
  72  8:03  SCV x2  
  76  8:15  SCV x2  
  76  8:19  Marauder, Marine x2  
  78  8:27  SCV  
  78  8:28  SCV  
  78  8:29  Widow Mine x2  
  78  8:30  Missile Turret  
  78  8:31  Missile Turret x2  
  78  8:32  Orbital Command  
  84  8:37  Marine x2  
  84  8:39  SCV  
  84  8:40  SCV  
  84  8:41  Marauder  
  90  8:46  Refinery  
  90  8:49  Missile Turret  
  90  8:50  Widow Mine x2  
  90  8:51  SCV  
  90  8:52  SCV, Missile Turret  
  93  8:57  Missile Turret  
  93  9:02  Marauder  
  95  9:06  Medivac  
  95  9:09  Missile Turret  
  97  9:13  Barracks x2  
  97  9:17  Barracks  
  97  9:19  Missile Turret  
  97  9:28  Armory  
  96  9:35  Medivac  
  81  10:16  Barracks Tech Lab, Marauder  
  81  10:17  Barracks Reactor  
  81  10:18  Barracks Reactor  
  81  10:19  Marine x2  
  85  10:26  SCV x3  
  88  10:32  Missile Turret  
  88  10:37  Marauder, Marine x2  
  88  10:38  SCV x3  
  95  10:50  SCV x3  
  95  10:53  Missile Turret  
Show
View Real Time Build Order
Export as new Build Order

qqq Protoss - Winner!

Build Orders:  

Get SALT Encoding   

  12  0:01  Probe  
  13  0:13  Probe  
  14  0:21  Pylon  
  14  0:25  Probe  
  15  0:38  Pylon  
  15  0:39  Probe  
  16  0:51  Probe, Forge  
  17  1:03  Probe  
  18  1:14  Pylon  
  18  1:15  Pylon  
  18  1:22  Pylon  
  18  1:25  Probe  
  19  1:34  Photon Cannon  
  19  1:56  Probe  
  20  2:05  Photon Cannon  
  20  2:08  Probe  
  21  2:25  Probe  
  21  2:27  Nexus  
  22  2:34  Gateway  
  22  2:37  Probe, Assimilator  
  22  3:19  Probe  
  22  3:22  Photon Cannon  
  22  3:32  Probe  
  23  3:37  Assimilator  
  23  3:40  Cybernetics Core  
  23  3:43  Assimilator  
  23  3:44  Probe  
  24  3:56  Probe (Chrono Boost)  
  24  4:01  Probe (Chrono Boost)  
  26  4:06  Probe (Chrono Boost)  
  28  4:10  Probe (Chrono Boost)  
  28  4:11  Nexus  
  28  4:12  Probe (Chrono Boost)  
  29  4:17  Assimilator  
  29  4:20  Probe (Chrono Boost)  
  31  4:28  Probe (Chrono Boost)  
  31  4:29  Probe (Chrono Boost)  
  32  4:33  Stargate  
  32  4:34  Probe  
  32  4:35  Probe  
  32  4:38  Pylon  
  34  4:46  Probe  
  34  4:47  Probe  
  36  4:56  Photon Cannon, Shield Battery  
  36  4:57  Stalker  
  36  4:58  Pylon  
  36  4:59  Probe  
  39  5:04  Probe  
  40  5:11  Probe  
  41  5:14  Stargate  
  41  5:16  Probe  
  42  5:23  Probe  
  42  5:25  Phoenix  
  45  5:39  Stalker  
  47  5:50  Phoenix  
  49  6:01  Probe  
  49  6:02  Probe x2  
  52  6:09  Phoenix  
  54  6:14  Probe x3  
  54  6:15  Phoenix  
  59  6:26  Probe x3  
  59  6:30  Protoss Air Weapons Level 1 (Chrono Boost)  
  62  6:32  Assimilator  
  62  6:34  Phoenix  
  62  6:37  Assimilator  
  62  6:38  Probe x3  
  67  6:40  Phoenix  
  67  6:41  Fleet Beacon  
  67  6:45  Pylon  
  69  6:47  Pylon  
  69  6:50  Probe  
  69  6:53  Pylon  
  70  6:55  Pylon x2  
  70  6:57  Pylon  
  70  7:00  Probe  
  71  7:02  Probe  
  72  7:10  Phoenix  
  72  7:12  Probe  
  72  7:14  Probe, Stargate  
  76  7:16  Stargate  
  76  7:24  Probe  
  76  7:26  Robotics Facility  
  76  7:27  Probe  
  78  7:39  Probe  
  79  7:44  Carrier  
  79  7:51  Probe  
  86  8:03  Probe  
  87  8:08  Carrier  
  93  8:15  Probe  
  93  8:17  Void Ray  
  94  8:23  Phoenix  
  100  8:27  Probe  
  100  8:31  Protoss Air Armor Level 1  
  101  8:39  Probe  
  102  8:48  Phoenix  
  104  8:50  Pylon  
  104  8:51  Probe  
  104  8:53  Pylon  
  105  8:56  Tempest  
  105  9:00  Tempest  
  115  9:25  Gateway  
  115  9:27  Gateway  
  115  9:28  Gateway  
  114  9:49  Stalker  
  114  9:52  Tempest, Carrier  
  127  10:18  Stalker  
Tags
 
Add a new tag
Caveats
  • Supply blocks, unpowered buildings, or Contaminate may cause inaccurate times.
  • Supply counts are checked every 10 seconds.